 Seeded DCSS version 0.30.1-11-g7821555f0a (webtiles) character file.

Game seed: 5129858224507802926 (custom seed)

2801 Psyclone the Destroyer (level 9, -5/68 HPs)
             Began as a Purple Draconian Conjurer on Nov 17, 2023.
             Slain by Pikel
             ... wielding a +0 whip of electrocution
              (8 damage)
             ... on level 6 of the Dungeon.
             The game lasted 00:05:17 (3795 turns).

Psyclone the Destroyer (Purple Draconian Conjurer)  Turns: 3795, Time: 00:05:17

Health: -5/68      AC:  7    Str:  8    XL:     9   Next: 44%
Magic:  5/21       EV: 11    Int: 30    God:
Gold:   184        SH:  0    Dex:  8    Spells: 22/25 levels left

rFire   + + .        f - +0 flail
rCold   . . .        (no shield)
rNeg    . . .        (body armour unavailable)
rPois   .            (helmet restricted)
rElec   .            (no cloak)
rCorr   .            (no gloves)
SInv    .            (no boots)
Will    +....        (no amulet)
Stlth   +            (no ring)
HPRegen 0.31/turn    (no ring)
MPRegen 0.17/turn

%: clarity
@: no status effects
A: breathe power, AC +7, unfitting armour, cold-blooded, horns 1, clarity,
clever 2, fire resistance 2, robust 1, wild magic 1
a: Breathe Dispelling Energy


You were on level 6 of the Dungeon.
You visited 1 branch of the dungeon, and saw 6 of its levels.

You collected 184 gold pieces.

Inventory:

Hand Weapons
 f - a +0 flail (weapon)
Wands
 l - a wand of polymorph (7)
Scrolls
 b - 2 scrolls of fear
 c - a scroll of amnesia {unknown}
 d - a scroll of vulnerability {unknown}
 g - 2 scrolls of identify {unknown}
 k - a scroll of butterflies {unknown}
 m - a scroll of noise {unknown}
Potions
 a - a potion of magic
 e - 2 potions of mutation
 h - a potion of haste {unknown}
 i - 2 potions of attraction {unknown}
 j - a potion of heal wounds {unknown}


   Skills:
 - Level 1.7 Dodging
 - Level 1.7 Stealth
 + Level 8.6 Spellcasting
 * Level 11.4 Conjurations


You had 22 spell levels left.
You knew the following spells:

 Your Spells              Type           Power      Damage    Failure   Level
a - Magic Dart            Conj           100%       1d8       1%          1
b - Searing Ray           Conj           100%       2d8       1%          2

Your spell library contained the following spells:

 Spells                   Type           Power      Damage    Failure   Level
 Dazzling Flash           Conj/Hex       100%       N/A       2%          3
 Fulminant Prism          Conj/Hex       28%        3d14      6%          4
 Iskenderun's Mystic Bla  Conj/Tloc      57%        2d12      6%          4


Dungeon Overview and Level Annotations

Branches:
Dungeon (6/15) Zot: 26026  Temple (0/1) D:4

Altars:
Cheibriados
Elyvilon

Shops:
D:2 =

Annotations:
D:5 5 exclusions
D:6 Pikel


Innate Abilities, Weirdness & Mutations

You can breathe bolts of dispelling energy.
Your rich purple scales are hard. (AC +7)
You cannot fit into any form of body armour.
You are cold-blooded and may be slowed by cold attacks.
You have a pair of small horns on your head.
You possess an exceptional clarity of mind.
Your mind is very acute. (Int +8, Str/Dex -2)
Your flesh is very heat resistant. (rF++)
You are robust. (+10% HP)
Your spells are a little harder to cast, but a little more powerful.


Message History

The searing ray misses Pikel.
The searing ray hits the lemure.
The lemure is heavily wounded. (Press . to maintain the ray.) Pikel barely misses you.
You now have 10/21 mp.
The searing ray hits Pikel.
Pikel is severely wounded.
The searing ray misses the lemure.
Pikel hits you with a +0 whip of electrocution.
You take 3 damage, and have 35/68 hp.
You now have 9/21 mp.
The searing ray misses Pikel.
The searing ray hits the lemure!
The lemure is almost dead.
Pikel closely misses you.
The searing ray hits Pikel.
Pikel is severely wounded.
The searing ray hits the lemure!
You kill the lemure!
That felt strangely unrewarding.
You finish channelling your searing ray.
Pikel hits you with a +0 whip of electrocution!
You are electrocuted!
* * * LOW HITPOINT WARNING * * *
You take 22 damage, and have 13/68 hp.
MASSIVE DAMAGE!!
You now have 8/21 mp.
Casting: Searing Ray (safe; 1% risk of failure)
Confirm with . or Enter, or press ? or * to list all spells.
Aiming: Searing Ray (safe; 1% risk of failure)
Press: ? - help, Shift-Dir - straight line, f/p - Pikel
Aim: Pikel, wielding a +0 whip of electrocution and wearing a +0 robe (severely wounded, 79% to hit)
The searing ray hits Pikel.
Pikel is almost dead. (Press . to maintain the ray.) Pikel hits you with a +0 whip of electrocution.
* * * LOW HITPOINT WARNING * * *
You take 5 damage, and have 8/68 hp.
You now have 6/21 mp.
The searing ray hits Pikel!
Pikel is almost dead.
Pikel hits you with a +0 whip of electrocution.
* * * LOW HITPOINT WARNING * * *
You are electrocuted!
You die...

.#####... ..# #.#
.^# ... ..# #.#
..######## #.#
#.#......# #.#
#.#.####.#### #.#
..#.#.......# #K#
###.#.##.##.####@#
....#.##.........#
#####.#####)######
#.......#
#########


You could see Pikel.

Vanquished Creatures
  Maggie (D:6)
  A troll (D:5)
  Grinder (D:6)
  Sigmund (D:6)
  Eustachio (D:4)
  2 water moccasins
  An ice beast (D:5)
  2 black bears (D:5)
  3 ogres (D:5)
  A centaur (D:5)
  A phantom (D:6)
  4 lemures (D:6)
  Blork the orc (D:6)
  4 scorpions (D:5)
  4 orc priests
  3 hounds (D:5)
  A jelly (D:6)
  2 sleepcaps
  4 iguanas
  2 orc wizards
  4 gnolls (D:5)
  7 adders
  A white imp (D:6)
  2 ufetubi (D:5)
  A dart slug (D:2)
  16 orcs
  2 bats (D:2)
  3 endoplasms
  3 goblins
  2 hobgoblins (D:2)
  A quokka (D:2)
  2 ball pythons (D:2)
  A rat (D:1)
85 creatures vanquished.

Notes
Turn   | Place    | Note
-------+----------+-------------------------------------------
     0 | D:1      | Psyclone the Draconian Conjurer began the quest for the
                  | Orb.
     0 | D:1      | Reached XP level 1. HP: 14/14 MP: 3/3
   100 | D:2      | Gained mutation: Your flesh is heat resistant. (rF+)
                  | [potion of mutation]
   100 | D:2      | Gained mutation: You are robust. (+10% HP) [potion of
                  | mutation]
   100 | D:2      | Gained mutation: You have a beak for a mouth. [potion of
                  | mutation]
   100 | D:2      | Gained mutation: You passively dampen the noise of your
                  | surroundings. [potion of mutation]
   151 | D:2      | Found Zutuxkoi's Jewellery Shop.
   227 | D:2      | Lost mutation: You passively dampen the noise of your
                  | surroundings. [potion of mutation]
   227 | D:2      | Lost mutation: You have a beak for a mouth. [potion of
                  | mutation]
   227 | D:2      | Gained mutation: You have a pair of small antennae on your
                  | head. [potion of mutation]
   227 | D:2      | Gained mutation: Your spells are a little harder to cast,
                  | but a little more powerful. [potion of mutation]
   227 | D:2      | Gained mutation: Your flesh is very heat resistant. (rF++)
                  | [potion of mutation]
   227 | D:2      | Gained mutation: You are strong-willed. (Will+) [potion of
                  | mutation]
   289 | D:2      | Reached XP level 2. HP: 22/22 MP: 1/5
   391 | D:2      | Learned a level 2 spell: Searing Ray
   460 | D:3      | Reached XP level 3. HP: 19/28 MP: 1/6
   461 | D:3      | Reached skill level 5 in Conjurations
   461 | D:3      | Reached XP level 4. HP: 24/36 MP: 0/8
   541 | D:3      | Lost mutation: You are strong-willed. (Will+) [potion of
                  | mutation]
   541 | D:3      | Lost mutation: You have a pair of small antennae on your
                  | head. [potion of mutation]
   541 | D:3      | Gained mutation: You have a pair of small horns on your
                  | head. [potion of mutation]
   541 | D:3      | Gained mutation: You have hidden genetic potential. [potion
                  | of mutation]
   654 | D:4      | Found a staircase to the Ecumenical Temple.
   731 | D:4      | Found a white marble altar of Elyvilon.
   747 | D:4      | Reached XP level 5. HP: 31/41 MP: 0/9
   763 | D:4      | Gained mutation: You have great hidden genetic potential.
                  | [hidden potential]
   872 | D:4      | Noticed Eustachio
   893 | D:4      | Killed Eustachio
   894 | D:4      | Reached skill level 6 in Conjurations
   894 | D:4      | Reached XP level 6. HP: 34/49 MP: 5/11
   899 | D:4      | Gained mutation: Your mind is acute. (Int +4, Str/Dex -1)
                  | [hidden potential]
   899 | D:4      | Lost mutation: You have great hidden genetic potential.
                  | [hidden potential expressed]
   998 | D:5      | Entered Level 5 of the Dungeon
  1075 | D:5      | Found the +9 staff of Olgreb {rPois∞}
  1080 | D:5      | Noticed a water moccasin
  1082 | D:5      | Reached skill level 7 in Conjurations
  1086 | D:5      | Killed a water moccasin
  1087 | D:5      | Your scales start taking on a rich purple colour.
  1087 | D:5      | Reached skill level 5 in Spellcasting
  1087 | D:5      | Reached XP level 7. HP: 30/55 MP: 3/14
  1220 | D:5      | Gained mutation: Your mind is very acute. (Int +8, Str/Dex
                  | -2) [hidden potential]
  1341 | D:5      | Reached skill level 8 in Conjurations
  1435 | D:5      | Found a snail-covered altar of Cheibriados.
  1634 | D:5      | Reached XP level 8. HP: 61/62 MP: 8/17
  1718 | D:5      | Reached skill level 9 in Conjurations
  1720 | D:5      | Gained mutation: You possess an exceptional clarity of
                  | mind. [hidden potential]
  1720 | D:5      | Lost mutation: You have hidden genetic potential. [hidden
                  | potential expressed]
  2032 | D:5      | Noticed a troll
  2038 | D:5      | Killed a troll
  2236 | D:5      | Reached skill level 10 in Conjurations
  2842 | D:6      | Noticed Sigmund
  2848 | D:6      | Killed Sigmund
  2922 | D:6      | Reached XP level 9. HP: 68/68 MP: 12/20
  3045 | D:6      | Noticed Grinder
  3057 | D:6      | Killed Grinder
  3063 | D:6      | Noticed Blork the orc
  3071 | D:6      | Killed Blork the orc
  3309 | D:6      | Reached skill level 11 in Conjurations
  3684 | D:6      | Noticed Maggie
  3692 | D:6      | Killed Maggie
  3780 | D:6      | Noticed Pikel
  3795 | D:6      | HP: 3/68 [Pikel/+0 whip of electrocution (5)]
  3795 | D:6      | Slain by Pikel

Illustrated notes

Levels and vault maps discovered:
D:1:      saegor_arrival_simple_c, layout_rooms, serial_shops, shop,
          kennysheep_nondescript, minmay_misc_feat_ornament
D:2:      layout_basic, serial_shops, nicolae_shop_tiny_statue_garden,
          nicolae_shop_scrapyard, shop, shop
D:3:      layout_loops_ring
D:4:      layout_rooms, elyvilon_altar_1, minmay_temple_entry_trees,
          uniq_eustachio
D:5:      minmay_chambers_of_threes, layout_loops_ring,
          mainiacjoe_overflow_small_starburst,
          minmay_guarded_unrand_staff_of_olgreb
D:6:      layout_loops_cross, uniq_maggie, uniq_sigmund, uniq_blork_the_orc,
          uniq_grinder, uniq_pikel

Skill      XL: |  1  2  3  4  5  6  7  8  9 |
---------------+----------------------------+-----
Conjurations   | 5 6 7 8 10 11 | 11.4
Spellcasting   | 3 5 6 7 8 |  8.6
Dodging        | |  1.7
Stealth        | |  1.7

Action                     |  1- 3 |  4- 6 |  7- 9 || total
---------------------------+-------+-------+-------++-------
  Melee: Flail             |       |     6 |     9 ||    15
         Headbutt          |       |     2 |     3 ||     5
         Tailslap          |       |       |     1 ||     1
   Cast: Magic Dart        |    17 |     9 |    24 ||    50
         Searing Ray       |     1 |    11 |    52 ||    64
    Use: Potion            |     2 |     2 |       ||     4
         Scroll            |       |       |     1 ||     1
 Armour: Skin              |     2 |     2 |    14 ||    18
  Dodge: Dodged            |     2 |    13 |    48 ||    63
